 Dungeon Crawl Stone Soup version 0.26-a0-651-gb41185065b (webtiles) character file.

Game seed: 8217603768866379683

12747 Lugonue the Spear-Bearer (level 12, 0/83 HPs)
             Began as a Formicid Fighter on Oct 16, 2020.
             Slain by an orc warrior
             ... wielding a +0 war axe
              (17 damage)
             ... on level 11 of the Dungeon on Oct 23, 2020.
             The game lasted 00:20:11 (13439 turns).

Lugonue the Spear-Bearer (Formicid Fighter)        Turns: 13439, Time: 00:20:11

Health: 0/83       AC: 11    Str: 22    XL:     12   Next: 24%
Magic:  21/21      EV: 10    Int: 12    God:
Gold:   312        SH: 12    Dex: 10    Spells: 11/11 levels left

rFire    + . .     SeeInvis +   z - +5 halberd
rCold    . . .     Faith    .   c - +0 kite shield
rNeg     . . .     Spirit   .   l - +0 scale mail of Perfidy {rF+} (curse)
rPois    .         Reflect  .   (helmet unavailable)
rElec    .         Harm     .   C - +1 cloak
rCorr    .         Rampage  .   (no gloves)
MR       +....                  t - +0 pair of boots
Stlth    ..........             x - amulet of magic regeneration
HPRegen  0.23/turn              o - ring of wizardry
MPRegen  0.42/turn              r - ring of magical power

@: no status effects
A: permanent stasis, dig shafts and tunnels, four strong arms, antennae 3
a: Dig, Shaft Self


You were on level 11 of the Dungeon.
You visited 1 branch of the dungeon, and saw 11 of its levels.

You collected 645 gold pieces.
You spent 333 gold pieces at shops.

Inventory:

Hand Weapons
 z - a +5 halberd (weapon)
Missiles
 h - 15 poisoned darts (quivered)
 u - 8 javelins
Armour
 c - a +0 kite shield (worn)
 l - the cursed +0 scale mail of Perfidy (worn) {rF+}
   (You bought it in a shop on level 9 of the Dungeon)

   It protects you from fire.
   It has a curse placed upon it.
 t - a +0 pair of boots (worn)
 C - a +1 cloak (worn)
Jewellery
 o - a ring of wizardry (left hand)
 r - a ring of magical power (right hand)
 x - an amulet of magic regeneration (around neck)
Wands
 b - a wand of digging (9)
 v - a wand of enslavement (5)
 B - a wand of flame (16)
Scrolls
 a - a scroll of brand weapon {unknown}
 g - 9 scrolls of identify
 j - a scroll of random uselessness {unknown}
 m - a scroll of enchant armour {unknown}
 p - a scroll of enchant weapon
 y - 2 scrolls of blinking
 E - a scroll of remove curse
 F - a scroll of magic mapping
Potions
 d - a potion of might
 e - 2 potions of lignification {unknown}
 f - 2 potions of resistance
 k - 3 potions of brilliance {unknown}
 n - 2 potions of mutation {unknown}
 q - 2 potions of magic {unknown}
 s - 2 potions of ambrosia {unknown}
 w - a potion of berserk rage {unknown}
 A - a potion of flight
 D - 2 potions of haste {unknown}


   Skills:
 - Level 3.7 Fighting
 + Level 14.4 Polearms
 - Level 6.4 Armour
 - Level 1.1 Dodging
 - Level 0.3 Stealth
 + Level 12.3 Shields


You had 11 spell levels left.
You didn't know any spells.
Your spell library was empty.

Dungeon Overview and Level Annotations

Branches:
Dungeon (12/15)              Lair (0/6) D:11            Orc (0/2) D:10
 Temple: D:4-7

Altars:
Ashenzari
Cheibriados
Elyvilon
Nemelex Xobeh
Wu Jian
The Shining One

Shops:
D:6 =   D:8 [   D:9 *   D:10 (

Annotations:
D:7 Joseph
D:11 2 runed translucent doors
D:12 Suth's ghost, journeyman DDFi


Innate Abilities, Weirdness & Mutations

You cannot be hasted, slowed, berserked, paralysed or teleported.
You can dig through walls and to a lower floor.
Your four strong arms can wield two-handed weapons with a shield.
You have a pair of large antennae on your head. (SInv)


Message History

You block the killer bee's attack.
You barely miss the killer bee.
The killer bee is heavily wounded.
The killer bee barely misses you. x2
You miss the killer bee.
The killer bee is heavily wounded.
The killer bee barely misses you.
You slice the killer bee!!
You kill the killer bee!
The centaur shoots an arrow.
The arrow hits you.
* * * LOW HITPOINT WARNING * * *
You hit the orc warrior.
The orc warrior is almost dead.
You block the orc warrior's attack.
You hit the orc warrior but do no damage.
The orc warrior is almost dead.
You hit the orc warrior but do no damage.
The orc warrior is almost dead.
The orc warrior hits you with a +0 war axe!
You die...

###...# #..####...#...##
#..# ......#
##.######..>..## ##.#
...^..### ##..# #.#(#...##
#.# ........###..##
##)##..## ##.
####..........######...##
#.#
###...#...##....##...#..##
#.#
.#...##...####..c(.####..##
##.# ...####..## ###o###
##..## #..# ##.####.## #@#
##..###.## ##.##..# #.#
##..##.# #.##.## #.#
##..#.# ####.# #.# ##....##
#..## ### #.<.### ####
###.# ###


You could see an orc warrior and a centaur.

Vanquished Creatures
  Gastronok (D:11)
  Erolcha (D:9)
  A centaur warrior (D:11)
  3 two-headed ogres
  An unseen horror (D:11)
  A centaur skeleton (D:12)
  A troll (D:11)
  A hippogriff (D:11)
  A wyvern (D:10)
  9 yaks
  A steam dragon (D:11)
  A soldier ant (D:11)
  A water moccasin (D:11)
  5 porcupines (D:11)
  2 orc warriors (D:11)
  2 black bears (D:11)
  3 ice beasts
  4 ogres
  2 phantoms
  10 centaurs
  2 crocodiles
  2 big kobolds
  4 bullfrogs
  A wyvern skeleton (D:6)
  A killer bee (D:11)
  8 wights
  2 howler monkeys (D:8)
  3 centaur zombies
  A quasit (D:8)
  5 orc priests
  A hound (D:9)
  5 jellies
  8 orc wizards
  3 iguanas
  5 worker ants
  A hound zombie (D:6)
  A worker ant zombie (D:10)
  11 adders
  4 gnolls (D:5)
  A shadow imp (D:6)
  2 white imps
  An ufetubus (D:5)
  An ooze (D:5)
  2 worms (D:2)
  6 leopard geckos
  39 orcs
  6 giant cockroaches
  5 goblins (D:1)
  5 hobgoblins
  8 jackals
  14 kobolds
  5 quokkas
  8 bats
  4 frilled lizards
  A jackal skeleton (D:6)
  9 rats
236 creatures vanquished.

Vanquished Creatures (collateral kills)
  A yak (D:9)
  An ogre (D:9)
  2 orc wizards (D:9)
  2 orcs (D:9)
6 creatures vanquished.

Vanquished Creatures (others)
  A yak (D:9)
  42 fungi (D:11)
  38 plants (D:11)
81 creatures vanquished.

Grand Total: 323 creatures vanquished

Notes
Turn   | Place    | Note
-------+----------+-------------------------------------------
     0 | D:1      | Lugonue the Formicid Fighter began the quest for the Orb.
     0 | D:1      | Reached XP level 1. HP: 18/18 MP: 1/1
   160 | D:1      | Reached XP level 2. HP: 24/24 MP: 2/2
   363 | D:1      | Reached XP level 3. HP: 29/29 MP: 3/3
   905 | D:1      | You fall into a shaft and drop 1 floor!
   905 | D:2      | Found an ornate altar of the Wu Jian Council.
   950 | D:2      | Reached XP level 4. HP: 19/37 MP: 4/4
  1256 | D:2      | Reached skill level 1 in Dodging
  1655 | D:2      | Found a snail-covered altar of Cheibriados.
  2139 | D:3      | Reached XP level 5. HP: 30/42 MP: 5/5
  2333 | D:3      | Found a broken altar of Ashenzari.
  2557 | D:3      | Found a sparkling altar of Nemelex Xobeh.
  2685 | D:3      | Reached skill level 3 in Polearms
  3032 | D:3      | You fall into a shaft and drop 2 floors!
  3032 | D:5      | Entered Level 5 of the Dungeon
  3052 | D:5      | Reached XP level 6. HP: 17/48 MP: 6/6
  3067 | D:5      | Reached skill level 5 in Shields
  3098 | D:5      | Reached skill level 4 in Polearms
  3107 | D:5      | Got a pitted leather armour
  3145 | D:5      | Identified the +1 leather armour of the Eternal Fruit
                  | {rCorr Int+7} (You found it on level 5 of the Dungeon)
  3499 | D:5      | Reached skill level 5 in Armour
  3499 | D:5      | Reached XP level 7. HP: 47/53 MP: 7/7
  3963 | D:5      | Reached skill level 5 in Polearms
  4719 | D:6      | Reached XP level 8. HP: 60/60 MP: 8/8
  4861 | D:6      | Reached skill level 6 in Polearms
  5323 | D:6      | Found Quamunk's Jewellery Boutique.
  5342 | D:6      | Found a glowing golden altar of the Shining One.
  5489 | D:6      | Reached skill level 7 in Polearms
  5809 | D:7      | Noticed Joseph
  5839 | D:7      | Found a white marble altar of Elyvilon.
  5848 | D:6      | Reached XP level 9. HP: 45/65 MP: 9/9
  6773 | D:7      | Reached skill level 8 in Polearms
  6883 | D:7      | You fall into a shaft and drop 1 floor!
  7058 | D:8      | Found Dyish's Antique Armour Emporium.
  7085 | D:8      | Bought a cloak for 108 gold pieces
  7449 | D:8      | Reached skill level 9 in Polearms
  7547 | D:8      | Noticed a two-headed ogre
  7557 | D:8      | Killed a two-headed ogre
  7557 | D:8      | Reached XP level 10. HP: 43/71 MP: 10/10
  8081 | D:9      | Noticed Erolcha
  8090 | D:9      | Killed Erolcha
  8090 | D:9      | Reached skill level 10 in Polearms
  8558 | D:9      | Found Lyacraup's General Store.
  8563 | D:9      | Bought the cursed +0 scale mail of Perfidy {rF+} for 225
                  | gold pieces
  8595 | D:9      | Reached skill level 10 in Shields
  8804 | D:9      | Noticed a two-headed ogre
  8808 | D:9      | Killed a two-headed ogre
  8808 | D:9      | Reached skill level 11 in Polearms
  9467 | D:10     | Entered Level 10 of the Dungeon
  9511 | D:10     | Found Besol's Weapon Shop.
  9558 | D:10     | Found a staircase to the Orcish Mines.
 10617 | D:11     | Noticed Gastronok
 10673 | D:11     | Killed Gastronok
 10673 | D:11     | Reached skill level 12 in Polearms
 10673 | D:11     | Reached XP level 11. HP: 29/76 MP: 11/11
 10849 | D:11     | Reached skill level 13 in Polearms
 12233 | D:11     | Found a staircase to the Lair.
 12410 | D:11     | Noticed a fire dragon
 12411 | D:11     | Noticed an ice dragon
 12412 | D:11     | Found a runed translucent door.
 12412 | D:11     | Noticed a fire dragon
 12413 | D:11     | Found the +2 shield of Resistance {rF++ rC++ MR++}
 12413 | D:11     | Noticed an ice dragon
 12415 | D:11     | Found a runed translucent door.
 12430 | D:11     | Noticed a two-headed ogre
 12456 | D:11     | Killed a two-headed ogre
 12532 | D:11     | Reached XP level 12. HP: 73/83 MP: 12/12
 12711 | D:11     | Noticed an unseen horror
 12726 | D:11     | Killed an unseen horror
 12726 | D:11     | Reached skill level 14 in Polearms
 13073 | D:12     | Noticed a four-headed hydra
 13073 | D:12     | Noticed Suth's ghost (journeyman DDFi)
 13075 | D:12     | Noticed a minotaur
 13076 | D:12     | Noticed a death knight
 13078 | D:12     | Noticed a centaur warrior
 13105 | D:11     | Killed a centaur warrior
 13439 | D:11     | Slain by an orc warrior

Illustrated notes

Levels and vault maps discovered:
D:1:      dpeg_arrival_oval, layout_loops_ring
D:2:      layout_rooms, cheibriados_altar_1, lemuel_crystal_altar,
          serial_forest, infiniplex_forest_straight_2,
          infiniplex_forest_zigzag_1, infiniplex_forest_zigzag_2,
          infiniplex_forest_lined_2, infiniplex_forest_straight_2,
          hangedman_decor_points
D:3:      layout_basic, nicolae_overflow_hidden_temple, evilmike_ruin_ashenzari
D:5:      layout_cave_pools
D:6:      layout_loops_ring, marbit_many_paths, serial_shops,
          kennysheep_mini_moat
D:7:      layout_rooms, minmay_temple_entry_glassed_door, basic_altar,
          uniq_joseph, uniq_crazy_yiuf_cottage
D:8:      layout_basic, serial_shops, nicolae_shop_statue_plus,
          grunt_ministairs_15
D:9:      layout_stronghold, serial_shops, shop_fountains, uniq_erolcha
D:10:     layout_gridville, orc_david_3, serial_bayou_crossing
D:11:     layout_layer_cave, due_lair_maze_entry_diamond,
          minmay_guarded_unrand_resistance, uniq_gastronok
D:12:     layout_rooms, maelrawn_ghost_gauntlet_escape, serial_shops,
          nicolae_shop_overgrown_old_shop

Skill      XL: |  1  2  3  4  5  6  7  8  9 10 11 12 |
---------------+-------------------------------------+-----
Shields        | 4 5 6 7 9 11 12 | 12.3
Armour         | 4 5 6 |  6.4
Dodging        | 1 |  1.1
Polearms       | 3 4 5 7 9 12 13 14 | 14.4
Fighting       | |  3.7
Stealth        | |  0.3

Action                   |  1- 3 |  4- 6 |  7- 9 | 10-12 || total
-------------------------+-------+-------+-------+-------++-------
Melee: Trident           |   104 |   217 |   254 |       ||   575
       Halberd           |       |       |    86 |   414 ||   500
Throw: Dart              |       |    23 |    29 |     8 ||    60
 Abil: Dig               |     6 |     6 |     4 |    15 ||    31
       Shaft Self        |     1 |     1 |       |       ||     2
Evoke: Wand              |       |       |     2 |     4 ||     6
  Use: Scroll            |       |     2 |     1 |     9 ||    12
       Potion            |       |     5 |     1 |     7 ||    13
Armor: Scale mail        |    34 |    53 |    80 |    87 ||   254
       Leather armour    |       |     6 |    18 |       ||    24
Dodge: Dodged            |    39 |    61 |   123 |   110 ||   333
Block: Kite shield       |    62 |    92 |   181 |   197 ||   532

Table legend: (Time is in decaauts)
 A = Elapsed time spent in this place.
 B = Non-inter-level travel time spent in this place.
 C = Inter-level travel time spent in this place.
 D = Time resting spent in this place.
 E = Time spent auto-exploring this place.
 F = Levels seen in this place.
 G = Mean time per level.
                   A        B        C        D        E       F      G
               +--------+--------+--------+--------+--------+-----+--------+
         Total |  13500 |  13264 |    236 |   3296 |   7670 |  11 | 1227.3 |
       Dungeon |  13500 |  13264 |    236 |   3296 |   7670 |  11 | 1227.3 |
               +--------+--------+--------+--------+--------+-----+--------+

Top non-repeatable levels by time:
    D:11: 2763 daAuts
     D:6: 2138 daAuts
     D:5: 1587 daAuts
     D:9: 1382 daAuts
     D:8: 1205 daAuts
    D:10: 1152 daAuts
     D:2: 1132 daAuts
     D:3: 1037 daAuts
     D:1: 927 daAuts
     D:7: 152 daAuts
    D:12: 21 daAuts
